 Dungeon Crawl Stone Soup version 0.27-a0-795-ge5c3fa52fd (webtiles) character file.

Game seed: 11523632670384715820

22386 Essalna the Nimble (level 12, -7/95 HPs)
             Began as a Djinni Venom Mage on Mar 27, 2021.
             Was an Elder of Makhleb.
             Shot with a sling bullet by a faun (25 damage)
             ... on level 1 of the Shoals.
             The game lasted 00:37:44 (16410 turns).

Essalna the Nimble (Djinni Venom Mage)             Turns: 16410, Time: 00:37:45

Health: -7/95      AC:  8    Str:  7    XL:     12   Next: 99%
Gold:   598        EV: 22    Int: 21    God:    Makhleb [****..] SH:  0 Dex: 21

rFire    + + .     SeeInvis .   x - staff of poison
rCold    x . .     Faith    .   (no shield)
rNeg     . . .     Spirit   .   w - +2 robe {Will+}
rPois    ∞         Reflect  .   (no helmet)
rElec    .         Harm     .   (no cloak)
rCorr    .         Rampage  .   (no gloves)
Will     ++...                  (boots unavailable)
Stlth    ++........             (no amulet)
HPRegen  0.25/turn              o - +4 ring of protection
MPRegen  0.00/turn              q - +6 ring of dexterity

@: flying
A: fire resistance 2, cold vulnerability 1, float, innate caster, hp casting,
extra vitality 1
a: Renounce Religion, Minor Destruction, Lesser Servant of Makhleb, Major
Destruction


You were on level 1 of the Shoals.
You worshipped Makhleb.
Makhleb was greatly pleased with you.
You visited 4 branches of the dungeon, and saw 13 of its levels.

You collected 598 gold pieces.

Inventory:

Hand Weapons
 b - a +1 vorpal spear
 k - a +0 club
Armour
 a - a +0 robe
 w - a +2 robe of willpower (worn)
Magical Staves
 x - a staff of poison (weapon)
Jewellery
 o - a +4 ring of protection (left hand)
 q - a +6 ring of dexterity (right hand)
 r - a ring of magical power
 z - an amulet of magic regeneration
 A - a +6 ring of strength
 H - a ring of wizardry
Wands
 l - a wand of charming (8)
 p - a wand of polymorph (10)
 y - a wand of random effects (13)
 G - a wand of iceblast (19)
Scrolls
 f - 5 scrolls of teleportation
 h - a scroll of amnesia
 i - 2 scrolls of fog
 j - 3 scrolls of magic mapping
 m - 7 scrolls of identify
 n - 4 scrolls of noise
 u - 2 scrolls of enchant weapon
 v - 2 scrolls of immolation {unknown}
 B - 2 scrolls of vulnerability {unknown}
 C - a scroll of brand weapon
 D - a scroll of summoning {unknown}
 F - a scroll of torment {unknown}
Potions
 c - 6 potions of heal wounds
 d - 4 potions of berserk rage {unknown}
 e - 3 potions of curing {unknown}
 g - 2 potions of lignification {unknown}
 s - a potion of flight {unknown}
 t - a potion of attraction {unknown}
 E - a potion of ambrosia {unknown}
 I - a potion of magic {unknown}


   Skills:
 + Level 11.9 Fighting
 + Level 13.1 Dodging
 - Level 1.5 Stealth
 + Level 11.1 Spellcasting


You had 7 spell levels left.
You knew the following spells:

 Your Spells              Type           Power      Damage    Failure   Level
a - Sting                 Tmut/Pois      100%       1d8       1%          1
b - Poisonous Vapours     Pois/Air       100%       N/A       1%          2
c - Mephitic Cloud        Conj/Pois/Air  73%        N/A       1%          3
d - Ignite Poison         Fire/Tmut/Pois 73%        N/A       1%          3
e - Olgreb's Toxic Radia  Pois           73%        N/A       1%          4
f - Pain                  Necr           100%       1d9       1%          1
g - Wereblood             Tmut           55%        N/A       1%          2
h - Spider Form           Tmut/Pois      36%        N/A       1%          3
i - Vampiric Draining     Necr           27%        2d9       1%          3
j - Fulminant Prism       Conj/Hex       27%        3d14      1%          4
Your spell library was empty.

Dungeon Overview and Level Annotations

Branches:
Dungeon (8/15)             Temple (1/1) D:4            Lair (3/6) D:8
 Shoals (1/4) Lair:3        Snake (0/4) Lair:2

Altars:
Ashenzari
Dithmenos
Gozag
Kikubaaqudgha
Makhleb
Nemelex Xobeh
Okawaru
Qazlal
Ru
Sif Muna
Trog
Uskayaw
Vehumet
Wu Jian
Xom
Yredelemnul
Zin
The Shining One

Shops:
D:3 ?[[=*   D:4 !

Annotations:
D:3 Robin
Lair:1 exclusion: oklob plant


Innate Abilities, Weirdness & Mutations

You are immune to poison.
Your flesh is very heat resistant. (rF++)
You are vulnerable to cold. (rC-)
You float through the air rather than walking.
You learn spells naturally, not from books.
Your magical power is your life essence.
You have superior vitality. (+4 HP)


Message History

The faun is poisoned.
You feel a surge of power!
Poisonous vapours surround the faun!
The faun is engulfed in poison gas.
The faun looks even sicker.
The faun unwields a +0 spear.
The faun wields a +0 hunting sling.
The faun shoots a stone.
The stone hits you but does no damage.
The faun unwields a +0 spear.
The faun wields a +0 hunting sling.
The faun shoots a sling bullet.
The sling bullet hits you!
You are too injured to fight recklessly!
You are too injured to fight recklessly!
You are too injured to fight recklessly!
Casting: Poisonous Vapours (safe; 1% risk of failure)
Confirm with . or Enter, or press ? or * to list all spells.
You feel a surge of power!
You begin to radiate toxic energy.
The faun is poisoned.
The faun is engulfed in poison gas.
The faun looks even sicker.
The faun shoots a stone.
The stone misses you.
Casting: Olgreb's Toxic Radiance (mildly dangerous; 1% risk of failure)
Confirm with . or Enter, or press ? or * to list all spells.
You feel a surge of power!
You ignite the poison in your surroundings!
The faun seems to burn from within!!!
You kill the faun!
Makhleb accepts your kill.
You feel better.
You hear a splash. x3
The faun seems to burn from within!
The faun is moderately wounded.
The faun is poisoned.
Your toxic aura wanes.
The faun shoots a sling bullet.
The sling bullet misses you.
You are too injured to fight recklessly!
The faun shoots a sling bullet.
The sling bullet hits you!!
The faun shoots a sling bullet.
The sling bullet hits you!!
* * * LOW HITPOINT WARNING * * *
The faun shoots a sling bullet.
The sling bullet closely misses you.
The faun shoots a sling bullet.
The sling bullet hits you!
* * * LOW HITPOINT WARNING * * *
The faun shoots a sling bullet.
The sling bullet barely misses you.
The faun looks more healthy.
The faun shoots a sling bullet.
The sling bullet hits you!!
You die...

#≈≈≈≈≈≈≈≈≈.....).......≈≈≈≈≈≈...
#≈≈≈≈≈≈≈≈≈≈..##......(.≈≈≈≈≈...#
#≈≈≈≈≈≈≈≈≈≈.###c..).<#..≈..≈≈..#
#≈≈≈≈≈≈≈≈≈≈≈..≈)(....##..)...≈.
#≈≈≈≈≈≈≈≈≈≈≈≈)≈≈≈.....#......≈.
#≈≈≈≈≈≈≈≈≈≈≈≈≈≈≈≈≈............≈≈
#≈≈≈≈≈≈≈≈≈≈≈≈≈≈≈......##.).#..≈≈
#≈≈≈≈≈≈≈≈≈≈≈≈≈≈≈≈......##..##.≈≈
#≈≈≈≈≈≈≈≈≈≈≈≈≈≈@≈≈..≈≈........≈≈
#≈≈≈≈≈≈≈≈≈≈≈≈≈≈≈≈≈...≈.......≈≈≈
#≈≈≈≈≈≈≈≈≈≈≈≈≈≈≈≈.≈≈.......≈≈≈≈≈
#≈≈≈≈≈≈≈≈≈≈≈≈≈≈≈≈≈≈≈≈≈...≈≈≈≈≈≈≈
#≈≈≈≈≈≈≈≈≈≈≈≈≈≈≈≈≈≈≈≈≈≈..≈≈≈≈≈≈≈
#≈≈≈≈≈≈≈≈≈≈≈≈≈≈≈≈≈≈≈≈≈≈.≈≈≈≈≈≈≈≈
#≈≈≈≈≈≈≈≈≈≈≈≈≈≈≈≈≈≈≈≈≈≈≈≈≈≈≈≈≈≈≈
#≈≈≈≈≈≈≈≈≈≈≈≈≈≈≈≈≈≈≈≈≈≈≈.≈≈≈≈≈≈≈
#≈≈≈≈≈≈≈≈≈≈≈≈≈≈P≈≈≈≈≈≈≈≈≈≈≈..≈≈≈


You could see a faun.

Vanquished Creatures
  A merfolk impaler (Shoals:1)
  A boulder beetle (Lair:1)
  A merfolk avatar (Shoals:1)
  4 death yaks (Lair:3)
  A sea snake (Shoals:1)
  4 fauns (Shoals:1)
  A moth of wrath (D:8)
  A black mamba (Lair:1)
  2 merfolk sirens (Shoals:1)
  A guardian serpent (Lair:2)
  5 cane toads
  6 komodo dragons
  6 merfolk (Shoals:1)
  A wind drake (Shoals:1)
  Prince Ribbit (D:5)
  2 snapping turtles
  4 dream sheep (Shoals:1)
  20 yaks
  A water elemental (Lair:3)
  3 basilisks
  A steam dragon (D:7)
  14 water moccasins
  A sky beast (D:7)
  3 black bears
  An orc warrior (D:7)
  3 ogres (D:5)
  A necrophage (D:7)
  6 wolves (Lair:2)
  2 centaurs
  5 bullfrogs
  Blork the orc (D:5)
  2 scorpions
  9 wights
  An electric eel (Lair:3)
  7 howler monkeys
  A centaur zombie (D:5)
  2 orc priests
  2 hounds (D:7)
  10 jellies
  A bullfrog skeleton (D:5)
  An iguana (D:6)
  Jessica (D:3)
  Natasha (thrice) (D:3)
  3 orc wizards (D:7)
  6 gnolls
  6 adders
  2 dart slugs
  23 orcs
  6 ball pythons
  20 endoplasms
  A giant cockroach (D:1)
  15 goblins
  9 hobgoblins
  4 jackals (D:2)
  6 quokkas
  6 bats
  6 frilled lizards
  A goblin skeleton (D:8)
  A goblin zombie (D:8)
  8 kobolds
  A kobold skeleton (D:8)
  An orc skeleton (D:8)
  15 rats
  A fulminant prism (Lair:2)
285 creatures vanquished.

Vanquished Creatures (others)
  16 fulminant prisms
  13 fungi (Lair:1)
  35 plants
64 creatures vanquished.

Grand Total: 349 creatures vanquished

Notes
Turn   | Place    | Note
-------+----------+-------------------------------------------
     0 | D:1      | Essalna the Djinni Venom Mage began the quest for the Orb.
     0 | D:1      | Reached XP level 1. HP: 15/15 MP: 0/0
   469 | D:1      | Reached XP level 2. HP: 20/21 MP: 0/0
  1285 | D:1      | Reached XP level 3. HP: 24/25 MP: 0/0
  1285 | D:1      | Learned a level 1 spell: Pain
  1845 | D:2      | Found a faded altar of an unknown god.
  1902 | D:2      | Reached XP level 4. HP: 11/31 MP: 0/0
  2833 | D:3      | Found Relel's Jewellery Boutique.
  2924 | D:3      | Reached skill level 1 in Fighting
  2924 | D:3      | Reached XP level 5. HP: 10/37 MP: 0/0
  2924 | D:3      | Learned a level 2 spell: Wereblood
  3369 | D:3      | Found Kojieson's Armour Shoppe.
  3376 | D:3      | Noticed Robin
  3451 | D:3      | Found Cal Gaike's Armour Boutique.
  3541 | D:3      | Noticed Natasha
  3548 | D:3      | Killed Natasha
  3549 | D:3      | Reached skill level 3 in Dodging
  3940 | D:3      | Noticed Jessica
  3944 | D:3      | Killed Jessica
  3999 | D:3      | Found Jemiw's Magic Scroll Shoppe.
  4018 | D:3      | Noticed Natasha
  4023 | D:3      | Killed Natasha
  4024 | D:3      | Reached XP level 6. HP: 21/43 MP: 0/0
  4196 | D:3      | Noticed Natasha
  4200 | D:3      | Killed Natasha
  4631 | D:3      | Found Turul's General Store.
  4925 | D:4      | Noticed a black bear
  4936 | D:4      | Killed a black bear
  4937 | D:4      | Reached skill level 5 in Spellcasting
  5119 | D:4      | Found Beavvix's Distillery.
  5220 | D:4      | Found a staircase to the Ecumenical Temple.
  5228 | D:4      | Reached skill level 4 in Dodging
  5233 | Temple   | Entered the Ecumenical Temple
  5263 | Temple   | Became a worshipper of Makhleb the Destroyer
  5400 | D:4      | Noticed a necrophage
  5676 | D:4      | Found a shadowy altar of Dithmenos.
  6152 | D:5      | Entered Level 5 of the Dungeon
  6248 | D:5      | Reached XP level 7. HP: 36/50 MP: 0/0
  6248 | D:5      | Learned a level 3 spell: Spider Form
  6873 | D:5      | Reached skill level 5 in Dodging
  6917 | D:5      | Noticed Prince Ribbit
  6925 | D:5      | Killed Prince Ribbit
  6926 | D:5      | Reached XP level 8. HP: 41/58 MP: 0/0
  7150 | D:5      | Noticed Blork the orc
  7153 | D:5      | Killed Blork the orc
  7153 | D:5      | Reached * piety under Makhleb
  7221 | D:5      | Found a glowing golden altar of the Shining One.
  7221 | D:5      | Found an opulent altar of Gozag.
  7221 | D:5      | Found a glowing silver altar of Zin.
  7475 | D:6      | Reached skill level 6 in Dodging
  7610 | D:6      | Reached skill level 5 in Fighting
  8780 | D:7      | Reached skill level 7 in Dodging
  8780 | D:7      | Reached XP level 9. HP: 43/66 MP: 0/0
  8780 | D:7      | Learned a level 3 spell: Vampiric Draining
 10157 | D:7      | Found a shimmering altar of Xom.
 10382 | D:8      | Reached skill level 8 in Dodging
 10508 | D:8      | Found a broken altar of Ashenzari.
 10517 | D:8      | Found a staircase to the Lair.
 10715 | D:8      | Reached ** piety under Makhleb
 11540 | D:8      | Noticed a moth of wrath
 11543 | D:8      | Found a bloodstained altar of Trog.
 11557 | D:8      | Killed a moth of wrath
 11558 | D:8      | Reached XP level 10. HP: 75/76 MP: 0/0
 11593 | D:8      | Found a glowing golden altar of the Shining One.
 11633 | Lair:1   | Entered Level 1 of the Lair of Beasts
 11644 | Lair:1   | Noticed a cane toad
 11648 | Lair:1   | Reached skill level 9 in Dodging
 11652 | Lair:1   | Killed a cane toad
 11867 | Lair:1   | Noticed a black mamba
 11879 | Lair:1   | Killed a black mamba
 11886 | Lair:1   | Reached skill level 10 in Dodging
 12110 | Lair:1   | Noticed a boulder beetle
 12117 | Lair:1   | Killed a boulder beetle
 12118 | Lair:1   | Reached XP level 11. HP: 69/84 MP: 0/0
 12118 | Lair:1   | Learned a level 4 spell: Fulminant Prism
 12400 | Lair:1   | Reached *** piety under Makhleb
 12789 | Lair:1   | Noticed an oklob plant
 13439 | Lair:2   | Found a staircase to the Snake Pit.
 13621 | Lair:2   | Reached skill level 11 in Dodging
 14449 | Lair:3   | Reached skill level 10 in Fighting
 14932 | Lair:3   | Noticed a death yak
 14933 | Lair:3   | Noticed a death yak
 14933 | Lair:3   | Noticed a death yak
 14934 | Lair:3   | Noticed a death yak
 14938 | Lair:3   | Killed a death yak
 14940 | Lair:3   | Killed a death yak
 14940 | Lair:3   | Killed a death yak
 14941 | Lair:3   | Reached skill level 10 in Spellcasting
 14941 | Lair:3   | Reached XP level 12. HP: 93/93 MP: 0/0
 14942 | Lair:3   | Killed a death yak
 14943 | Lair:3   | Reached skill level 12 in Dodging
 15110 | Lair:3   | Found an ornate altar of the Wu Jian Council.
 15250 | Lair:3   | Reached **** piety under Makhleb
 15503 | Lair:3   | Found a staircase to the Shoals.
 15673 | Shoals:1 | Entered Level 1 of the Shoals
 15908 | Shoals:1 | Noticed a merfolk avatar
 15913 | Shoals:1 | Killed a merfolk avatar
 16098 | Shoals:1 | Noticed a merfolk impaler
 16104 | Shoals:1 | Killed a merfolk impaler
 16105 | Shoals:1 | Reached skill level 13 in Dodging
 16410 | Shoals:1 | Shot with a sling bullet by a faun

Illustrated notes

Levels and vault maps discovered:
D:1:      giann_wishing_wells, layout_basic
D:2:      layout_loops_ring, chequers_ecumenical_altar_simple
D:3:      layout_loops_corners, serial_shops, shop_statue, shop, shop_statue,
          nicolae_shop_stone, shop, uniq_robin, uniq_natasha, uniq_jessica
D:4:      layout_basic, lemuel_doored_altar, minmay_temple_entry_waves,
          serial_shops, shop, kennysheep_generic_room_6
D:5:      layout_rooms, minitemple, kennysheep_cross_room, uniq_blork_the_orc,
          uniq_prince_ribbit1
D:6:      layout_basic
D:7:      layout_cave_pods, kennysheep_mini_moat
D:8:      layout_loops_ring, tgw_trog, ashenzari_altar_1, dpeg_oklobed_lair,
          nicolae_tso_besieged_by_evil
Temple:   eino_temple_lava
Lair:1:   lemuel_slime, layout_loops_ring, basic_altar
Lair:2:   layout_roguey, minmay_snake_entry_spellcaster, serial_bayou_crossing
Lair:3:   layout_small_grid, minmay_shoals_entry_hut, basic_altar,
          chequers_serial_rivers_micro_d
Shoals:1: layout_shoals, nicolae_shoals_stone_sculpture_thing

Skill      XL: |  1  2  3  4  5  6  7  8  9 10 11 12 |
---------------+-------------------------------------+-----
Spellcasting   | 3 4 5 6 7 9 10 11 | 11.1
Fighting       | 1 2 3 4 5 7 9 10 11 | 11.9
Dodging        | 3 4 5 7 8 10 11 13 | 13.1
Stealth        | |  1.5

Action                   |  1- 3 |  4- 6 |  7- 9 | 10-12 || total
-------------------------+-------+-------+-------+-------++-------
Melee: Unarmed           |     3 |       |    23 |       ||    26
       Spear             |    16 |    19 |     4 |       ||    39
       Staff             |       |       |    94 |     3 ||    97
 Cast: Sting             |    74 |    89 |    47 |   113 ||   323
       Poisonous Vapours |       |    54 |   111 |    52 ||   217
       Ignite Poison     |       |       |    22 |    66 ||    88
       Spider Form       |       |       |     1 |       ||     1
       Olgreb's Toxic Ra |       |       |     5 |    24 ||    29
       Mephitic Cloud    |       |       |    11 |       ||    11
       Vampiric Draining |       |       |    10 |     5 ||    15
       Fulminant Prism   |       |       |       |    17 ||    17
Evoke: Wand              |       |       |     1 |     3 ||     4
  Use: Scroll            |       |       |    11 |       ||    11
Armor: Robe              |     5 |    13 |    36 |    23 ||    77
       Skin              |       |       |    10 |       ||    10
Dodge: Dodged            |    37 |    39 |   186 |   109 ||   371

Table legend: (Time is in decaauts)
 A = Elapsed time spent in this place.
 B = Non-inter-level travel time spent in this place.
 C = Inter-level travel time spent in this place.
 D = Time resting spent in this place.
 E = Time spent auto-exploring this place.
 F = Levels seen in this place.
 G = Mean time per level.
                   A        B        C        D        E       F      G
               +--------+--------+--------+--------+--------+-----+--------+
         Total |  16434 |  15914 |    520 |    347 |  13644 |  13 | 1264.2 |
       Dungeon |  11619 |  11210 |    409 |    136 |   9635 |   8 | 1452.4 |
        Temple |     37 |     25 |     12 |      0 |     23 |   1 |   37.0 |
          Lair |   4258 |   4161 |     97 |    211 |   3545 |   3 | 1419.3 |
        Shoals |    519 |    517 |      2 |      0 |    441 |   1 |  519.0 |
               +--------+--------+--------+--------+--------+-----+--------+

Top non-repeatable levels by time:
     D:7: 2190 daAuts
     D:3: 2007 daAuts
  Lair:3: 1574 daAuts
     D:2: 1515 daAuts
     D:1: 1364 daAuts
  Lair:2: 1356 daAuts
  Lair:1: 1327 daAuts
     D:4: 1228 daAuts
     D:5: 1189 daAuts
     D:6: 1103 daAuts
     D:8: 1019 daAuts
Shoals:1: 519 daAuts
  Temple: 37 daAuts
